 Dungeon Crawl Stone Soup version 0.28-a0-845-gfc338a8e3c (webtiles) character file.

Game seed: 12074258423413394085

96 marklar909 the Skirmisher (level 4, -6/37 HPs)
             Began as a Palentonga Abyssal Knight on Nov 13, 2021.
             Was a Believer of Lugonu.
             Mangled by an ogre (28 damage)
             ... on level 3 of the Dungeon.
             The game lasted 00:03:16 (3359 turns).

marklar909 the Skirmisher (PaAK)                    Turns: 3359, Time: 00:03:16

Health: -6/37      AC:  9    Str: 18    XL:     4   Next: 41%
Magic:  5/5        EV:  8    Int: 10    God:    Lugonu [**....]
Gold:   77         SH:  0    Dex: 10    Spells: 3/3 levels left

rFire   . . .      SeeInvis +   a - +1 mace
rCold   . . .      Faith    .   (no shield)
rNeg    . . .      Spirit   .   j - +3 ring mail
rPois   .          Reflect  .   (no helmet)
rElec   .          Harm     .   (no cloak)
rCorr   .          Rampage  .   (no gloves)
Will    .....                   (no barding)
Stlth   ..........              (no amulet)
HPRegen 0.12/turn               (no ring)
MPRegen 0.09/turn               (no ring)

@: no status effects
A: large, rugged brown scales 3, see invisible, deformed body, roll 1, armoured
tail
a: Rolling Charge, Renounce Religion, Depart the Abyss, Bend Space


You were on level 3 of the Dungeon.
You worshipped Lugonu.
Lugonu was pleased with you.
You visited 1 branch of the dungeon, and saw 3 of its levels.
You visited the Abyss 1 time.

You collected 77 gold pieces.

Inventory:

Hand Weapons
 a - a +1 mace (weapon)
Armour
 j - a +3 ring mail (worn)
Scrolls
 c - a scroll of torment {unknown}
 d - 3 scrolls of magic mapping {unknown}
 e - a scroll of teleportation
 f - a scroll of enchant armour {unknown}
 h - a scroll of vulnerability {unknown}
 i - a scroll of enchant weapon {unknown}
 k - a scroll of immolation {unknown}
 l - a scroll of fog {unknown}
 m - a scroll of identify {unknown}
Potions
 b - a potion of lignification {unknown}
 g - a potion of curing {unknown}


   Skills:
 + Level 3.5 Fighting
 + Level 2.8 Maces & Flails
 * Level 2.5 Armour
 + Level 1.2 Dodging
 * Level 2.4 Invocations


You had 3 spell levels left.
You didn't know any spells.
Your spell library was empty.

Dungeon Overview and Level Annotations

Branches:
Dungeon (3/15)

Altars:

Shops:
D:1 :

Annotations:
D:2 Sigmund


Innate Abilities, Weirdness & Mutations

You are completely covered in rugged brown scales. (AC +3, +7% HP)
You have supernaturally acute eyesight. (SInv)
Armour fits poorly on your strangely shaped body.
You can roll at nearby foes to attack.
You have a long armoured tail.


Message History

Lugonu accepts your kill.
No target in view!
Things that are here:
a +0 club; 4 stones; a kobold corpse No target in view!
A hobgoblin comes into view.
The hobgoblin shouts!
You hit the hobgoblin.
You kill the hobgoblin!
Lugonu accepts your kill.
You see here a hobgoblin corpse.
You see here a hobgoblin corpse.
As you open the door, it creaks loudly!
You hear a shout!
Found a stone staircase leading down.
No target in view!
An ogre comes into view. It is wielding a +0 giant club.
The ogre shouts!
There is an open door here.
An ogre is nearby!
An ogre is nearby!
The ogre barely misses you.
You barely miss the ogre. The ogre barely misses you.
Okay, then.
You sock the ogre!
The ogre is moderately wounded.
The ogre hits you with a +0 giant club.
You sock the ogre!
The ogre is heavily wounded.
The ogre closely misses you.
You sock the ogre!
The ogre is almost dead.
The ogre hits you with a +0 giant club.
You barely miss the ogre.
The ogre is almost dead.
The ogre hits you with a +0 giant club.
You hit the ogre.
The ogre is almost dead.
The ogre hits you with a +0 giant club!!
Ouch! That really hurt!
You die...

#......# ###.####
##+## #.# ##...##
#.### ##.....## #)#.##
##.......##
####....####...>.....#
...........+.........+
####....####....O....#
#.#.## #...@...# #.###
##.....## #..# ##...##
##.# ##'## #.#
########.#### #.#
#...........#######
#.#
#.######†##........
#.# #.# ##...#########
##.###.# #.....#


You could see an ogre.

Vanquished Creatures
  Robin (D:2)
  3 adders (D:3)
  2 ball pythons (D:2)
  3 bats
  3 endoplasms (D:1)
  A giant cockroach (D:1)
  16 goblins
  8 hobgoblins
  2 jackals (D:1)
  5 kobolds
  2 quokkas (D:1)
  3 rats (D:1)
49 creatures vanquished.

Notes
Turn   | Place    | Note
-------+----------+-------------------------------------------
     0 | Abyss:1  | marklar909 the Palentonga Abyssal Knight began the quest
                  | for the Orb.
     0 | Abyss:1  | Reached XP level 1. HP: 19/19 MP: 2/2
    13 | Abyss:1  | Found a corrupted altar of Lugonu.
    91 | Abyss:1  | Found a corrupted altar of Lugonu.
   120 | Abyss:1  | Noticed a small abomination
   135 | D:1      | Escaped the Abyss
   435 | D:1      | Reached XP level 2. HP: 25/25 MP: 3/3
   487 | D:1      | Found Givud's Book Boutique.
   671 | D:1      | Reached skill level 1 in Dodging
   851 | D:1      | Reached ** piety under Lugonu
   894 | D:1      | Found a faded altar of an unknown god.
   935 | D:1      | Reached XP level 3. HP: 18/31 MP: 4/4
  1393 | D:2      | Noticed Robin
  1817 | D:2      | Killed Robin
  1924 | D:2      | Noticed Sigmund
  2838 | D:3      | Reached XP level 4. HP: 34/37 MP: 5/5
  3350 | D:3      | Noticed an ogre
  3359 | D:3      | Mangled by an ogre

Illustrated notes

Levels and vault maps discovered:
D:1:      mushboom_english_gardens, layout_basic, serial_shops,
          nicolae_shop_temple_entry_statues_fountains,
          shapermc_ecumenical_altar_mp_urbaneastern, minmay_quantized
D:2:      layout_basic, uniq_sigmund, uniq_robin
D:3:      layout_loops_corners

Skill      XL: |  1  2  3 |
---------------+----------+-----
Dodging        | 1 |  1.2
Armour         | 2 |  2.5
Fighting       | |  3.5
Maces & Flails | |  2.8
Invocations    | |  2.4

Action                   |  1- 3 |  4- 6 || total
-------------------------+-------+-------++-------
Melee: Mace              |   109 |    38 ||   147
       Tailslap          |     9 |     3 ||    12
Invok: Bend Space        |     1 |       ||     1
  Use: Scroll            |     2 |       ||     2
Armor: Leather armour    |    31 |       ||    31
       Ring mail         |    47 |    19 ||    66
Dodge: Dodged            |    77 |    24 ||   101

Table legend: (Time is in decaauts)
 A = Elapsed time spent in this place.
 B = Non-inter-level travel time spent in this place.
 C = Inter-level travel time spent in this place.
 D = Time resting spent in this place.
 E = Time spent auto-exploring this place.
 F = Levels seen in this place.
 G = Mean time per level.
                   A        B        C        D        E       F      G
               +--------+--------+--------+--------+--------+-----+--------+
         Total |   3404 |   3106 |    298 |    728 |   1870 |   4 |  851.0 |
       Dungeon |   3269 |   2971 |    298 |    728 |   1792 |   3 | 1089.7 |
         Abyss |    135 |    135 |      0 |      0 |     78 |   1 |  135.0 |
               +--------+--------+--------+--------+--------+-----+--------+

Top non-repeatable levels by time:
     D:1: 1792 daAuts
     D:2: 916 daAuts
     D:3: 560 daAuts
 Abyss:1: 135 daAuts
